 Dungeon Crawl Stone Soup version 0.19.4 (webtiles) character file.

25 Inchmeat the Grasshopper (level 3, 0/33 HPs)
             Began as a Naga Warper on Feb 4, 2017.
             Slain by a quasit (1 damage)
             ... on level 1 of the Dungeon.
             The game lasted 00:02:41 (1160 turns).

Inchmeat the Grasshopper (Naga Warper)              Turns: 1160, Time: 00:02:42

Health: 0/33       AC:  2    Str: 14      XL:     3   Next: 4%
Magic:  6/6        EV:  9    Int: 13      God:
Gold:   45         SH:  0    Dex:  6 (10) Spells: 1 memorised, 4 levels left

rFire  . . .     SeeInvis +     a - +0 mace
rCold  . . .     Gourm    .     b - +0 leather armour
rNeg   . . .     Faith    .     (no shield)
rPois  +         Spirit   .     (no helmet)
rElec  .         Reflect  .     (no cloak)
rCorr  .         Harm     .     (no gloves)
MR     .....                    (no barding)
Stlth  +.........               (no amulet)
                                (no ring)
                                (no ring)

@: short of breath, very slow
A: see invisible, deformed body, poison resistance, slowness 2, slow metabolism
1, spit poison 1, AC +1
a: Spit Poison


You were on level 1 of the Dungeon.
You were not hungry.

You visited 1 branch of the dungeon, and saw 1 of its levels.

You collected 45 gold pieces.

Inventory:

Hand Weapons
 a - a +0 mace (weapon)
Missiles
 e - a tomahawk of dispersal (quivered)
Armour
 b - a +0 leather armour (worn)
Jewellery
 h - a cursed ring of teleportation {unknown}
Scrolls
 d - a scroll of blinking
 k - 2 scrolls of remove curse {unknown}
Potions
 g - a potion of mutation {unknown}
 i - 2 potions of curing {unknown}
Books
 c - a book of Spatial Translocations

   Spells                             Type                      Level
   a - Blink                          Translocation                2
   b - Shroud of Golubria             Charms/Translocation         2
   c - Lesser Beckoning               Translocation                3
   d - Portal Projectile              Translocation                3
   e - Teleport Other                 Translocation                3
   f - Passage of Golubria            Translocation                4
Comestibles
 f - 2 bread rations
 j - 2 fruits


   Skills:
 * Level 2.8 Fighting
 - Level 2.0 Maces & Flails
 - Level 0.8 Throwing
 - Level 0.7 Armour
 - Level 1.5 Dodging
 - Level 2.2 Spellcasting
 * Level 3.2 Translocations


You had 4 spell levels left.
You knew the following spells:

 Your Spells              Type           Power        Failure   Level  Hunger
a - Blink                 Tloc           N/A          14%         2    ###....


Dungeon Overview and Level Annotations

Branches:
Dungeon (1/15)

Altars:


Innate Abilities, Weirdness & Mutations

You cannot wear boots.
Your serpentine skin is tough. (AC +1)
You have supernaturally acute eyesight. (SInv)
Armour fits poorly on your strangely shaped body.
Your system is resistant to poisons. (rPois)
You cover ground very slowly.
You have a slow metabolism.
You can spit poison.


Message History

The quasit claws you.
* * * LOW HITPOINT WARNING * * *
You feel clumsy.
The quasit claws you but does no damage.
You have got your breath back.
The quasit closely misses you. The quasit barely misses you.
The quasit claws you but does no damage.
The quasit bites you but does no damage.
The quasit closely misses you. x2
Press: ? - help, Shift-Dir - straight line, f/p - quasit
Aim: a quasit (severely wounded)
The splash of poison misses the quasit.
You feel slightly more hungry. The quasit bites you.
* * * LOW HITPOINT WARNING * * *
The quasit barely misses you.
The quasit claws you but does no damage.
The quasit bites you.
* * * LOW HITPOINT WARNING * * *
The quasit claws you.
You die...

##+## ##8.8## .#
##.....## .#
##8.....8##..####
##.........##.....
###8.........8#'....
#.'@5...(.....'.....
#.#8.........8#.....
#.##.........###.†##
#.###8.....8##.#..##
#.####.....###......
#....##8.8#########.
####..##'##.........
#.......>........
#........########


You could see a quasit.

Vanquished Creatures
  An ooze (D:1)
  A dart slug (D:1)
  2 leopard geckos (D:1)
  2 goblins (D:1)
  3 hobgoblins (D:1)
  2 kobolds (D:1)
  A frilled lizard (D:1)
  4 rats (D:1)
16 creatures vanquished.

Notes
Turn   | Place    | Note
-------+----------+-------------------------------------------
     0 | D:1      | Inchmeat the Naga Warper began the quest for the Orb.
     0 | D:1      | Reached XP level 1. HP: 19/19 MP: 3/3
   420 | D:1      | Reached XP level 2. HP: 17/27 MP: 5/5
   572 | D:1      | Learned a level 2 spell: Blink
  1064 | D:1      | Reached XP level 3. HP: 32/33 MP: 6/6
  1160 | D:1      | HP: 1/33 [quasit (3)]
  1160 | D:1      | Slain by a quasit

Action                   || total
-------------------------++-------
Melee: Mace              ||    52
Throw: Tomahawk          ||     4
 Abil: Spit Poison       ||     6
Armor: Leather armour    ||    24
Dodge: Dodged            ||    47
